 Dungeon Crawl Stone Soup version 0.24-a0-182-gc7eaa07895 (webtiles) character file.

Game seed: 1447073983169316669

6 Flugkiller the Insei (level 1, -1/13 HPs)
             Began as an Octopode Transmuter on Mar 15, 2019.
             Slain by a jackal (2 damage)
             ... on level 1 of the Dungeon.
             The game lasted 00:00:11 (54 turns).

Flugkiller the Insei (Octopode Transmuter)            Turns: 54, Time: 00:00:12

Health: -1/13      AC:  1    Str:  9    XL:     1   Next: 90%
Magic:  3/3        EV: 13    Int: 15    God:
Gold:   0          SH:  0    Dex: 12    Spells: 3/4 levels left

rFire    . . .     SeeInvis .     - Unarmed
rCold    . . .     Gourm    .   (no shield)
rNeg     . . .     Faith    .   (helmet restricted)
rPois    .         Spirit   .   (no amulet)
rElec    .         Reflect  .   (no ring)
rCorr    .         Harm     .   (no ring)
MR       .....                  (no ring)
Stlth    ++........             (no ring)
HPRegen  0.04/turn              (no ring)
MPRegen  0.08/turn              (no ring)
                                (no ring)
                                (no ring)

@: no status effects
A: almost no armour, stealthy swim, amphibious, 8 rings, constrict 8, camouflage
1, gelatinous body 1
a: no special abilities


You were on level 1 of the Dungeon.
You were not hungry.

You visited 1 branch of the dungeon, and saw 1 of its levels.

Inventory:

Missiles
 a - 12 arrows
Comestibles
 c - a ration


   Skills:
 - Level 1.0 Fighting
 - Level 2.0 Dodging
 + Level 3.4 Unarmed Combat
 - Level 2.0 Spellcasting
 - Level 2.0 Transmutations


You had 3 spell levels left.
You knew the following spells:

 Your Spells              Type           Power        Failure   Level  Hunger
a - Beastly Appendage     Tmut           #.....       10%         1    #......

Your spell library contained the following spells:

 Spells                   Type           Power        Failure   Level  Hunger
 Sticks to Snakes         Tmut           #.......     14%         2    ###....
 Spider Form              Tmut/Pois      #.........   41%         3    ###....
 Ice Form                 Ice/Tmut       #.......     82%         4    #####..
 Blade Hands              Tmut           #.........   95%         5    ######.


Dungeon Overview and Level Annotations

Branches:
Dungeon (1/15)

Altars:


Innate Abilities, Weirdness & Mutations

You cannot wear most types of armour.
You are very stealthy in the water. (Stealth+)
You are amphibious.
You can wear up to eight rings at the same time.
You can use your tentacles to constrict eight enemies at once.
Your skin changes colour to match your surroundings (Stealth+).
Your rubbery body absorbs attacks. (AC +1, EV +1)


Message History

The jackal closely misses you.
The ball python hisses angrily.
You barely miss the bat.
The ball python hisses angrily.
Your grab misses the bat.
The bat is moderately wounded.
The bat hits you. The bat hits you but does no damage. The jackal bites you.
The bat misses you. The bat barely misses you. The bat hits you.
* * * LOW HITPOINT WARNING * * *
You tentacle-slap the bat.
You kill the bat!
Unknown command.
You tentacle-slap the jackal. Your grab misses the jackal.
Your squeeze misses the jackal.
The jackal is moderately wounded.
The jackal barely misses you.
Unknown command.
You tentacle-slap the jackal. Your grab misses the jackal.
The jackal is severely wounded.
The jackal closely misses you. The jackal barely misses you.
You closely miss the jackal. You grab the jackal. You squeeze the jackal.
You kill the jackal!
The jackal bites you but does no damage.
You tentacle-slap the jackal but do no damage.
Your grab misses the jackal. You squeeze the jackal.
The jackal is almost dead.
The jackal bites you.
* * * LOW HITPOINT WARNING * * *
The jackal completely misses you.
You barely miss the jackal. Your grab misses the jackal.
Your tentacle-slap misses the jackal.
The jackal is almost dead.
The jackal bites you.
* * * LOW HITPOINT WARNING * * *
You closely miss the jackal. You grab the jackal. You squeeze the jackal.
You kill the jackal!
The ball python bites you.
* * * LOW HITPOINT WARNING * * *
The ball python misses you.
You tentacle-slap the ball python.
You kill the ball python!
The jackal misses you.
The jackal bites you but does no damage.
Unknown command.
You tentacle-slap the jackal. You grab the jackal.
The jackal is moderately wounded.
You constrict the jackal, but do no damage.
The jackal bites you.
You die...

#.......#.. .#.....
#.....###...###.. .=.....
#.......#'''#.... #.....
#................ #.S!.S
#......♣.....♣...
.#....h###................
....... ........♣.....♣...
#.....###†...............
#.....Sh@......♣.....♣...
#.....###................
#..... #......♣.....♣...
#..... #................
#..... #................
###### #..........######
############


You could see a jackal and a ball python.

Vanquished Creatures
  A bat (D:1)
  3 jackals (D:1)
  A ball python (D:1)
5 creatures vanquished.

Notes
Turn   | Place    | Note
-------+----------+-------------------------------------------
     0 | D:1      | Flugkiller the Octopode Transmuter began the quest for the
                  | Orb.
     0 | D:1      | Reached XP level 1. HP: 13/13 MP: 3/3
    54 | D:1      | Slain by a jackal

Levels and vault maps discovered:
D:1:      wander_arrival_estate, layout_rooms

Action                   || total
-------------------------++-------
Melee: Unarmed           ||    14
       Constrict         ||     4
       Tentacles         ||     3
Armor: Skin              ||     4
Dodge: Dodged            ||    10

Table legend:
 A = Non-vault XP
 B = Vault XP
 C = Vault XP percentage of total XP
 D = Non-vault monster count
 E = Vault monster count
 F = Vault count percentage of total count
                 A         B        C        D         E       F
            +---------+---------+-------+---------+---------+-------
      Total |       9 |       0 |   0.0 |       5 |       0 |   0.0
            +---------+---------+-------+---------+---------+-------
        D:1 |       9 |       0 |   0.0 |       5 |       0 |   0.0
            +---------+---------+-------+---------+---------+-------
